 Dungeon Crawl Stone Soup version 0.31.0-11-ge490571c62 (webtiles) character file.

Game seed: 9344755990769047574

29378 Ofeo the Cruncher (level 13, -7/186 HPs)
             Began as a Djinni Alchemist on Jan 29, 2024.
             Was a Follower of Ru.
             Mangled by a death yak (20 damage)
             ... in a Gauntlet on Jan 30, 2024.
             The game lasted 00:38:48 (14712 turns).

Ofeo the Cruncher (Djinni Alchemist)               Turns: 14712, Time: 00:38:48

Health: -7/186     AC: 26    Str: 10 (11) XL:     13   Next: 80%
Gold:   1191       EV:  2    Int: 19 (21) God:    Ru [*.....] SH:  0 Dex: 15

rFire   . . .        a - staff of alchemy
rCold   . . .        g - orb {*Rage}
rNeg    . . .        B - melded +1 troll leather armour
rPois   ∞            (helmet currently unavailable)
rElec   .            E - melded scarf {repulsion}
rCorr   +            o - melded +2 pair of gloves {infuse}
SInv    +            (boots unavailable)
Will    +....        (no amulet) Stlth
                     y - ring of the Monkey's Uncle {+Blink rCorr MP-9 Str+6 SInv}
HPRegen 0.51/turn    D - +5 ring of evasion
MPRegen 0.00/turn

%: no teleportation, random rage (20%), infuse magic (-8 HP)
@: berserking, tree-form, very quick
A: stationary, stasis, torment immunity, boosted hp, sickness immunity, (fire
resistance 2), (cold vulnerability 1), inability to drink after injury 2, float,
innate caster, HP casting, extra vitality 1, weak 1
a: Renounce Religion, Evoke Blink


You were in a Gauntlet.
You worshipped Ru.
Ru was aware of your devotion.
You were a tree.
You visited 2 branches of the dungeon, and saw 12 of its levels.
You also visited: Bailey and Gauntlet.

You collected 1578 gold pieces.
You spent 387 gold pieces at shops.

Inventory:

Hand Weapons
 b - a +1 rapier of electrocution
Missiles
 j - 2 throwing nets
 z - 11 boomerangs
 A - 10 curare-tipped darts
Armour
 c - +0 steam dragon scales
 g - an orb of wrath (worn)
 o - a +2 pair of gloves of infusion (melded)
 B - a +1 troll leather armour (melded)
 E - a scarf of repulsion (melded)
Magical Staves
 a - a staff of alchemy (weapon)
 F - a staff of fire
Jewellery
 x - a ring of protection from cold
 y - the ring of the Monkey's Uncle (left branch) {+Blink rCorr MP-9 Str+6 SInv}
   (You found it on level 9 of the Dungeon)

   [ring of resist corrosion]

   Str+6:     It affects your strength (+6).
   MP-9:      It affects your magic capacity (-9).
   SInv:      It lets you see invisible.
   +Blink:    It lets you blink.
   rCorr:     It protects you from acid and corrosion.
 D - a +5 ring of evasion (right branch)
Wands
 h - a wand of digging (7) {@v1}
 k - a wand of iceblast (2) {@v4}
 u - a wand of paralysis (11)
Scrolls
 d - 3 scrolls of immolation
 f - 3 scrolls of teleportation {@r3}
 p - a scroll of torment
 C - a scroll of brand weapon
Potions
 e - 4 potions of attraction
 n - a potion of cancellation
 q - a potion of curing {@q1}
 r - 2 potions of resistance {@q6}
 s - a potion of haste {@q3}
Miscellaneous
 i - a tin of tremorstones (2/2)
 m - a sack of spiders


   Skills:
 + Level 4.3 Fighting
 - Level 12.0 Staves
 + Level 10.7 Dodging
 + Level 4.6 Stealth
 + Level 9.2 Spellcasting
 + Level 9.2 Conjurations
 + Level 9.2 Hexes
 + Level 9.2 Summonings
 + Level 9.2 Necromancy
 + Level 9.2 Translocations
 + Level 9.2 Fire Magic
 + Level 9.2 Ice Magic
 + Level 9.2 Air Magic
 + Level 9.2 Earth Magic
 + Level 9.2 Alchemy
 - Level 8.0 Evocations


You knew the following spells:

 Your Spells              Type           Power      Damage    Failure   Level
a - Sting                 Conj/Alch      100%       1d9       1%          1
b - Mercury Vapours       Alch/Air       100%       N/A       1%          2
c - Mephitic Cloud        Conj/Alch/Air  60%        N/A       1%          3
d - Olgreb's Toxic Radia  Alch           60%        N/A       1%          4
e - Sticky Flame          Fire/Alch      60%        2d10      1%          4
f - Magic Dart            Conj           100%       1d8       1%          1
g - Static Discharge      Conj/Air       86%        3-7/arc   1%          2
h - Hailstorm             Conj/Ice       43%        3d9       1%          3
i - Cause Fear            Hex            21%        N/A       1%          4
j - Vhi's Electric Charg  Tloc/Air       86%        N/A       1%          4
k - Alistair's Intoxicat  Alch           40%        N/A       4%          5
Your spell library was empty.

Dungeon Overview and Level Annotations

Branches:
Dungeon (11/15)            Temple (1/1) D:5            Lair (0/5) D:8
 Bailey (visited)         Gauntlet (1/1)
    Orc: D:9-12

Altars:
Ashenzari
Cheibriados
Dithmenos
Elyvilon
Fedhas
Gozag
Hepliaklqana
Makhleb
Nemelex Xobeh
Okawaru
Qazlal
Ru
Trog
Uskayaw
Wu Jian
Xom
Yredelemnul
Zin
The Shining One

Shops:
D:7 [   D:9 [

Portals:
Trove: D:10 (give 17 potions of curing)

Annotations:
D:11 exclusion: ice statue Gauntlet 9 transporters, 4 runed translucent doors, exclusion: orange crystal statue


Innate Abilities, Weirdness & Mutations

You are a tree.
Your roots penetrate the ground, keeping you stationary.
You cannot be teleported.
You are immune to unholy pain and torment.
Your maximum health is greatly increased.
Your equipment is partially melded.
You are immune to sickness and miasma.
You are immune to poison.
((Your flesh is very heat resistant. (rF++)))
((You are vulnerable to cold. (rC-)))
You sometimes lose the ability to drink potions when taking damage.
You float through the air rather than walking.
You learn spells naturally, not from books.
Your magical power is your life essence.
You have superior vitality. (+4 MHP)
You are weak. (Str -2)


Message History

The death yak is heavily wounded.
The death yak is engulfed in noxious fumes. x2
The death yak appears confused.
The death yak gores you.
* * * LOW HITPOINT WARNING * * *
You take 5 damage, and have 49/186 hp.
You hit the death yak but do no damage.
The death yak is heavily wounded.
You hit the death yak!
The death yak is severely wounded.
You hit the death yak!
The death yak is almost dead.
The death yak is engulfed in noxious fumes.
The death yak gores the death yak!!
The death yak is killed!
The death yak is engulfed in noxious fumes.
The death yak gores you!
* * * LOW HITPOINT WARNING * * *
You feel your dexterity returning.
You take 17 damage, and have 32/186 hp.
You hit the death yak but do no damage.
You envenom the death yak!
The death yak looks as sick as possible!
The death yak is moderately wounded.
You barely miss the death yak.
The death yak is moderately wounded.
You hit the death yak but do no damage.
The death yak is moderately wounded.
The death yak seems less confused.
The death yak is engulfed in noxious fumes.
The death yak gores you!
* * * LOW HITPOINT WARNING * * *
You take 9 damage, and have 24/186 hp.
You hit the death yak!
The death yak is heavily wounded.
You barely miss the death yak.
The death yak is heavily wounded.
The death yak is engulfed in noxious fumes.
The death yak gores you!
* * * LOW HITPOINT WARNING * * *
The death yak gores you!!
You die...

#≈≈≈#...#########.≈≈#
##...#...#8..©#....≈##
.....#.8.#©...#.8..##
##.8.#.⌠.#8..©#....≈##
...©.#.8.#########.≈≈#
#.8.#...#.##....#.≈##
#.©.#...#☼.##..##.##
#.8.#.8.#YYp#.###.≈##
#.©.#.∩.#♣##.##.#.≈≈#
#.8.#.8.###.#p..#.≈##
#.©.#...##=.##..#.##
#.8.#...#Y..©##.#.≈##
...©.#.8.#########.≈≈#
##.8.#.⌠.#8..©#....≈##
.....#.8.#©...#.8..##
##...#...#8..©#....≈##
#≈≈≈#...#########.≈≈#


You could see 2 death yaks and a necromancer (confused, very poisoned).

Vanquished Creatures
  6 two-headed ogres
  3 death yaks (Gauntlet)
  Sonja (D:10)
  2 orc knights (Bailey)
  A cyclops (D:11)
  5 elephants (Gauntlet)
  A torpor snail (Gauntlet)
  Maggie (D:7)
  2 trolls
  Prince Ribbit (D:7)
  A shadow (Gauntlet)
  A wyvern (D:10)
  9 yaks
  Grum (D:11)
  3 vampire mosquitoes (D:11)
  2 water moccasins
  2 acid dragons
  3 black bears
  2 sky beasts
  An ice beast (D:7)
  4 orc warriors
  11 centaurs
  2 wolves (D:11)
  A phantom (D:5)
  3 ogres
  6 kobold brigands
  4 bullfrogs
  2 scorpions
  17 wights
  8 killer bees
  4 howler monkeys
  12 electric eels (D:8)
  4 bombardier beetles
  10 orc priests
  4 hounds
  3 jellies
  2 gnoll boudas
  Natasha (thrice) (D:4)
  A sleepcap (D:6)
  An iguana (D:6)
  12 orc wizards
  14 gnolls
  8 adders
  A shadow imp (D:5)
  A white imp (D:6)
  8 ufetubi
  2 dart slugs
  A ribbon worm (D:6)
  22 orcs
  5 endoplasms
  5 giant cockroaches
  15 goblins
  6 hobgoblins
  9 jackals
  17 kobolds
  A quokka (D:1)
  9 ball pythons
  4 bats
  3 frilled lizards
  6 rats
299 creatures vanquished.

Vanquished Creatures (others)
  An orc wizard (D:11)
1 creature vanquished.

Grand Total: 300 creatures vanquished

Notes
Turn   | Place    | Note
-------+----------+-------------------------------------------
     0 | D:1      | Ofeo the Djinni Alchemist began the quest for the Orb.
     0 | D:1      | Ofeo set off with the following spells memorised: Sting,
                  | Mercury Vapours, Mephitic Cloud, Olgreb's Toxic Radiance,
                  | Sticky Flame.
     0 | D:1      | Reached XP level 1. HP: 15/15 MP: 0/0
   164 | D:1      | Reached XP level 2. HP: 21/21 MP: 0/0
   481 | D:1      | Reached XP level 3. HP: 24/25 MP: 0/0
   481 | D:1      | Learned a level 1 spell: Magic Dart
  1677 | D:2      | Found a faded altar of an unknown god.
  1949 | D:3      | Reached skill level 1 in Evocations
  1949 | D:3      | Reached XP level 4. HP: 28/31 MP: 0/0
  2180 | D:3      | Found a burning altar of Makhleb.
  2265 | D:3      | Reached XP level 5. HP: 33/35 MP: 0/0
  2265 | D:3      | Learned a level 2 spell: Static Discharge
  3089 | D:4      | Reached XP level 6. HP: 37/40 MP: 0/0
  3235 | D:4      | Noticed Natasha
  3242 | D:4      | Killed Natasha
  3245 | D:4      | Reached XP level 7. HP: 30/45 MP: 0/0
  3245 | D:4      | Learned a level 3 spell: Hailstorm
  3510 | D:4      | Reached skill level 5 in Spellcasting
  3510 | D:4      | Reached skill level 5 in Conjurations
  3510 | D:4      | Reached skill level 5 in Hexes
  3510 | D:4      | Reached skill level 5 in Summonings
  3510 | D:4      | Reached skill level 5 in Necromancy
  3510 | D:4      | Reached skill level 5 in Translocations
  3510 | D:4      | Reached skill level 5 in Fire Magic
  3510 | D:4      | Reached skill level 5 in Ice Magic
  3510 | D:4      | Reached skill level 5 in Air Magic
  3510 | D:4      | Reached skill level 5 in Earth Magic
  3510 | D:4      | Reached skill level 5 in Alchemy
  3513 | D:4      | Noticed Natasha
  3518 | D:4      | Killed Natasha
  3859 | D:4      | Noticed Natasha
  3866 | D:4      | Killed Natasha
  4037 | D:5      | Entered Level 5 of the Dungeon
  4065 | D:5      | Reached skill level 5 in Evocations
  4075 | D:5      | Reached XP level 8. HP: 21/50 MP: 0/0
  4178 | D:5      | Found a staircase to the Ecumenical Temple.
  4580 | Temple   | Entered the Ecumenical Temple
  4848 | Temple   | Became a worshipper of Ru the Awakened
  6080 | D:6      | Reached XP level 9. HP: 34/55 MP: 0/0
  6080 | D:6      | Learned a level 4 spell: Cause Fear
  6234 | D:6      | Identified the +1 pair of boots "Suddudio" {rElec}
  7719 | D:7      | Noticed Maggie
  8015 | D:7      | Killed Maggie
  8016 | D:7      | Reached XP level 10. HP: 15/60 MP: 0/0
  8275 | D:7      | Reached skill level 1 in Staves
  8352 | D:7      | Noticed Prince Ribbit
  8363 | D:7      | Killed Prince Ribbit
  8364 | D:7      | Reached skill level 3 in Staves
  8364 | D:7      | HP: 3/60 [wight/+0 spear (6)]
  8369 | D:7      | Noticed a two-headed ogre
  8668 | D:7      | Killed a two-headed ogre
  8669 | D:7      | Reached skill level 5 in Staves
  9390 | D:7      | Found Mikuarph's Antique Armour Boutique.
  9397 | D:7      | Bought a pair of embroidered gloves for 187 gold pieces
  9544 | D:7      | Bought a glowing scarf for 200 gold pieces
  9640 | D:8      | Reached skill level 6 in Staves
 10672 | D:8      | Found a white marble altar of Elyvilon.
 10754 | D:8      | Reached skill level 7 in Staves
 11203 | D:8      | Reached XP level 11. HP: 45/65 MP: 0/0
 11203 | D:8      | Learned a level 4 spell: Vhi's Electric Charge
 11210 | D:8      | Reached skill level 8 in Staves
 11539 | D:8      | Found a staircase to the Lair.
 11892 | D:9      | Found Zikhlarph's Armour Shoppe.
 11926 | D:9      | Gained mutation: You occasionally lose the ability to drink
                  | potions when taking damage. [Ru sacrifice]
 11926 | D:9      | Gained mutation: You sometimes lose the ability to drink
                  | potions when taking damage. [Ru sacrifice]
 11926 | D:9      | Reached * piety under Ru
 11985 | D:9      | Reached skill level 9 in Staves
 12003 | D:9      | Noticed a two-headed ogre
 12019 | D:9      | Killed a two-headed ogre
 12040 | D:9      | Found a flagged portal.
 12049 | Bailey   | Entered a bailey
 12328 | Bailey   | Noticed an orc knight
 12330 | Bailey   | Found an iron altar of Okawaru.
 12330 | Bailey   | Noticed an orc knight
 12345 | Bailey   | Killed an orc knight
 12346 | Bailey   | Reached skill level 10 in Staves
 12349 | Bailey   | Killed an orc knight
 12446 | D:9      | Noticed a two-headed ogre
 12462 | D:9      | Killed a two-headed ogre
 12623 | D:9      | Found an ornate altar of the Wu Jian Council.
 12705 | D:9      | Reached skill level 11 in Staves
 12844 | D:9      | Identified the ring of the Monkey's Uncle {+Blink rCorr
                  | MP-9 Str+6 SInv}
 13238 | D:10     | Entered Level 10 of the Dungeon
 13414 | D:10     | Found a portal to a secret trove of treasure.
 13729 | D:10     | Noticed a two-headed ogre
 13754 | D:10     | Killed a two-headed ogre
 13755 | D:10     | Reached XP level 12. HP: 63/70 MP: 0/0
 13814 | D:10     | Noticed Sonja
 13819 | D:10     | Killed Sonja
 13820 | D:10     | Reached skill level 12 in Staves
 13981 | D:11     | Noticed a two-headed ogre
 13988 | D:11     | Noticed a two-headed ogre
 13989 | D:11     | Noticed Grum
 13990 | D:11     | Killed a two-headed ogre
 13991 | D:11     | Reached skill level 1 in Fighting
 14045 | D:11     | Killed Grum
 14054 | D:11     | Killed a two-headed ogre
 14194 | D:11     | Found a gate leading to a gauntlet.
 14204 | Gauntlet | Entered a Gauntlet
 14204 | Gauntlet | Found a transporter.
 14231 | Gauntlet | Found a transporter.
 14235 | Gauntlet | Found a transporter.
 14246 | Gauntlet | Found a transporter.
 14247 | Gauntlet | Found a transporter.
 14251 | Gauntlet | Noticed a death yak
 14251 | Gauntlet | Noticed a death yak
 14252 | Gauntlet | Noticed a death yak
 14253 | Gauntlet | Noticed a death yak
 14254 | Gauntlet | Noticed a death yak
 14254 | Gauntlet | Noticed a death yak
 14255 | Gauntlet | Found a transporter.
 14260 | Gauntlet | Found a transporter.
 14265 | Gauntlet | Found a transporter.
 14270 | Gauntlet | Found a runed translucent door.
 14273 | Gauntlet | Found a transporter.
 14276 | Gauntlet | Found a transporter.
 14281 | Gauntlet | Noticed an occultist
 14282 | Gauntlet | Found a runed translucent gate.
 14284 | Gauntlet | Found a runed translucent gate.
 14284 | Gauntlet | Found a transporter.
 14285 | Gauntlet | Noticed an occultist
 14286 | Gauntlet | Found a runed translucent gate.
 14323 | Gauntlet | Found a transporter.
 14347 | Gauntlet | Found a transporter.
 14359 | Gauntlet | Found a transporter.
 14390 | Gauntlet | Reached skill level 10 in Dodging
 14390 | Gauntlet | Reached XP level 13. HP: 81/81 MP: 0/0
 14390 | Gauntlet | Learned a level 5 spell: Alistair's Intoxication
 14431 | Gauntlet | Gained mutation: You are weak. (Str -2) [potion of
                  | mutation]
 14712 | Gauntlet | Mangled by a death yak

Illustrated notes

Levels and vault maps discovered:
D:1:      dpeg_arrival_arbitrary_a, layout_loops_corners, feat_on_display
D:2:      layout_basic, dreamdust_ecumenical_altar_hidden_monk_grotto,
          hex_large, kennysheep_generic_room_7
D:3:      layout_rooms, mainiacjoe_overflow_small_starburst
D:4:      layout_basic, hangedman_decor_peaks_small, uniq_natasha
D:5:      layout_rooms, minmay_temple_entry_offerings,
          eino_small_chamber_without_monster
D:6:      layout_rooms, gup_sewer_entry_bowl
D:7:      layout_cave_pools, serial_shops, shop, uniq_prince_ribbit1,
          uniq_maggie
D:8:      layout_rooms, jmf_multi_god_temple, serial_bayou,
          serial_bayou_crossing, serial_bayou_pond_e, serial_bayou_lake_a,
          serial_bayou_lagoon_b, serial_bayou_pond_d, serial_bayou_ford_a
D:9:      nicolae_whirlpool, layout_basic, pdpol_wu_jian_five_deadly_venoms,
          serial_shops, nicolae_shop_advertising_works
          [nicolae_subvault_shop_adworks], enter_bailey_2
D:10:     layout_roguey, nicolae_trove_entry_crystal, uniq_sonja
D:11:     minmay_separated_statues, layout_rooms, hiddenorc2_lemuel,
          gauntlet_entry_generic, uniq_grum
Temple:   dpeg_five_rooms_temple
Gauntlet: gammafunk_gauntlet_77_escape_option [minmay_gauntlet_arena_77_museum,
          minmay_gauntlet_arena_77_squiggly, minmay_gauntlet_arena_77_fan,
          minmay_gauntlet_arena_77_path, minmay_gauntlet_arena_77_run_for_it,
          nicolae_gauntlet_exit_dead_adventurers]

Skill      XL: |  1  2  3  4  5  6  7  8  9 10 11 12 13 |
---------------+----------------------------------------+-----
Stealth        | 2 3 4 |  4.6
Evocations     | 1 3 5 7 8 |  8.0
Spellcasting   | 4 5 6 8 9 |  9.2
Conjurations   | 4 5 6 8 9 |  9.2
Hexes          | 4 5 6 8 9 |  9.2
Summonings     | 4 5 6 8 9 |  9.2
Necromancy     | 4 5 6 8 9 |  9.2
Translocations | 4 5 6 8 9 |  9.2
Fire Magic     | 4 5 6 8 9 |  9.2
Ice Magic      | 4 5 6 8 9 |  9.2
Air Magic      | 4 5 6 8 9 |  9.2
Earth Magic    | 4 5 6 8 9 |  9.2
Alchemy        | 4 5 6 8 9 |  9.2
Staves         | 7 11 12 | 12.0
Dodging        | 10 | 10.7
Fighting       | 3 4 |  4.3

Action                     |  1- 3 |  4- 6 |  7- 9 | 10-12 | 13-15 || total
---------------------------+-------+-------+-------+-------+-------++-------
  Melee: Rapier            |       |    10 |       |       |       ||    10
         Staff             |       |     1 |    41 |    60 |    21 ||   123
   Cast: Sting             |    74 |    51 |   101 |    39 |       ||   265
         Static Discharge  |       |     6 |     8 |     2 |     3 ||    19
         Mephitic Cloud    |       |     1 |    16 |     7 |     2 ||    26
         Olgreb's Toxic Ra |       |     1 |     9 |    66 |     3 ||    79
         Hailstorm         |       |       |     5 |     1 |     1 ||     7
         Sticky Flame      |       |       |    16 |    44 |     3 ||    63
         Magic Dart        |       |       |     8 |    20 |       ||    28
         Cause Fear        |       |       |     3 |     2 |     1 ||     6
         Vhi's Electric Ch |       |       |       |     1 |       ||     1
 Invoke: Sacrifice Drink   |       |       |       |     1 |       ||     1
         Reject Sacrifices |       |       |       |     1 |       ||     1
    Use: Scroll            |     4 |     1 |    10 |     5 |       ||    20
         Potion            |       |     3 |     4 |     5 |     5 ||    17
   Stab: Confused          |       |       |     3 |     2 |     3 ||     8
 Armour: Robe              |     4 |    33 |    83 |     2 |       ||   122
         Steam dragon scal |       |       |       |    61 |       ||    61
         Troll leather arm |       |       |       |    49 |    11 ||    60
         Skin              |       |       |       |       |    13 ||    13
  Dodge: Dodged            |    14 |    32 |    71 |    83 |     7 ||   207
         Repelled          |       |       |       |     4 |       ||     4
